 Dungeon Crawl Stone Soup version 0.27-a0-1181-g5f64966fcc (webtiles) character file.

Game seed: 1682970428514644341

1769 kae the Carver (level 8, -1/75 HPs)
             Began as a Minotaur Fighter on May 17, 2021.
             Succumbed to a gnoll sergeant's poison
             ... on level 5 of the Dungeon.
             The game lasted 00:04:17 (7391 turns).

kae the Carver (Minotaur Fighter)                   Turns: 7391, Time: 00:04:17

Health: -1/75      AC: 10    Str: 23    XL:     8   Next: 80%
Magic:  7/7        EV:  7    Int:  9    God:
Gold:   280        SH:  0    Dex: 10    Spells: 7/7 levels left

rFire    + . .     SeeInvis .   a - +2 long sword
rCold    . . .     Faith    .   c - +0 kite shield
rNeg     . . .     Spirit   .   b - +1 scale mail
rPois    +         Reflect  .   (helmet restricted)
rElec    .         Harm     .   s - +1 cloak
rCorr    .         Rampage  .   (no gloves)
Will     .....     NoTele   +   (no boots)
Stlth    ..........             p - amulet "Bailumas" {-Tele rF+ Regen+ Int+4}
HPRegen  1.22/turn              g - ring of poison resistance
MPRegen  0.10/turn              (no ring)

@: confused, lethally poisoned (-1 -> -7)
A: horns 2, retaliatory headbutt
a: no special abilities


You were on level 5 of the Dungeon.
You visited 1 branch of the dungeon, and saw 6 of its levels.

You collected 358 gold pieces.
You spent 78 gold pieces at shops.

Inventory:

Hand Weapons
 a - a +2 long sword (weapon)
Armour
 b - a +1 scale mail (worn)
 c - a +0 kite shield (worn)
 s - a +1 cloak (worn)
Jewellery
 g - a ring of poison resistance (left hand)
 i - an amulet of faith
 p - the amulet "Bailumas" (around neck) {-Tele rF+ Regen+ Int+4}
   (You found it on level 6 of the Dungeon)

   [amulet of regeneration]

   It affects your intelligence (+4).
   It protects you from fire.
   It prevents most forms of teleportation.
   It increases your rate of health regeneration.
Wands
 l - a wand of flame (10)
Scrolls
 j - a scroll of teleportation
 o - a scroll of fear
 q - a scroll of identify
Potions
 d - a potion of might
 e - a potion of lignification
 h - 2 potions of magic
 k - a potion of flight
 m - a potion of attraction {unknown}
 n - a potion of berserk rage
 r - a potion of heal wounds {unknown}


   Skills:
 + Level 8.6 Fighting
 * Level 11.2 Long Blades
 - Level 3.6 Armour
 - Level 3.6 Shields


You had 7 spell levels left.
You didn't know any spells.
Your spell library contained the following spells:

 Spells                   Type           Power      Damage    Failure   Level
 Corona                   Hex            0%         N/A       99%         1
 Sandblast                Erth           0%         2d4       99%         1
 Passwall                 Tmut/Erth      0%         N/A       100%        2
 Slow                     Hex            0%         N/A       100%        2
 Inner Flame              Hex/Fire       0%         N/A       100%        3
 Portal Projectile        Hex/Tloc       0%         N/A       100%        3
 Stone Arrow              Conj/Erth      0%         3d7       100%        3
 Cause Fear               Hex            0%         N/A       100%        4
 Leda's Liquefaction      Hex/Erth       0%         N/A       100%        4
 Petrify                  Tmut/Erth      0%         N/A       100%        4
 Lee's Rapid Deconstruct  Erth           0%         3d5*      100%        5


Dungeon Overview and Level Annotations

Branches:
Dungeon (6/15)
 Temple: D:4-7

Altars:
Ashenzari
Elyvilon
Vehumet

Shops:
D:4 *

Annotations:
D:4 2 runed translucent doors, polve's ghost, amateur DDFi
D:5 1 transporter, Prince Ribbit


Innate Abilities, Weirdness & Mutations

You have a pair of horns on your head.
You reflexively headbutt those who attack you in melee.


Message History

The gnoll sergeant barely misses you. You furiously retaliate!
You headbutt the gnoll sergeant.
Your scale mail prevents you from hitting the gnoll sergeant.
The gnoll sergeant is almost dead.
You feel very sick. The gnoll hits you but does no damage.
The gnoll sergeant hits you from afar with the +1 trident of Megalomania {venom, rC++ Will- Str+8 SInv}!
The gnoll sergeant hits you with a +2 vampiric trident!
* * * LOW HITPOINT WARNING * * *
You barely miss the gnoll sergeant.
Your headbutt misses the gnoll sergeant.
The gnoll sergeant is almost dead.
You feel sick. The gnoll hits you but does no damage.
The gnoll sergeant hits you from afar with the +1 trident of Megalomania {venom, rC++ Will- Str+8 SInv}.
* * * LOW HITPOINT WARNING * * *
You block the gnoll sergeant's attack.
You slash the gnoll sergeant!
You kill the gnoll sergeant!
You feel sick. You block the gnoll's attack.
The gnoll sergeant barely misses you. The gnoll barely misses you.
You feel better. You block the gnoll's attack.
The gnoll sergeant hits you from afar with the +1 trident of Megalomania {venom, rC++ Will- Str+8 SInv}.
* * * LOW HITPOINT WARNING * * *
The gnoll zaps a wand.
Your will is overpowered!
You are confused.
You bump into the stone wall.
The gnoll hits you from afar with a +0 spear.
* * * LOW HITPOINT WARNING * * *
The gnoll sergeant closely misses you.
The gnoll zaps a wand.
Your will is overpowered!
You are more confused.
The gnoll sergeant hits you from afar with the +1 trident of Megalomania {venom, rC++ Will- Str+8 SInv}!
* * * LOW HITPOINT WARNING * * *
You are lethally poisoned!
You bump into the translucent stone wall.
* * * LOW HITPOINT WARNING * * *
You feel very sick. The gnoll completely misses you.
The gnoll sergeant hits you from afar with the +1 trident of Megalomania {venom, rC++ Will- Str+8 SInv}.
* * * LOW HITPOINT WARNING * * *
You die...

...≈≈#.8.#.###.©.###.#g8.#≈≈.....
...≈≈#gW.###g#####.###...#≈≈.....
...≈≈###...g...........###≈≈.....
...≈≈.8#.######'######.#8.≈≈.....
##.≈≈.##.#...#8).#.⌠.#.##.≈≈.....
...≈≈.#..'..:#⌠©.....'.W#.≈≈...<.
...≈≈.##.#..W#8g)#.⌠.#.##.≈≈.....
...≈≈.8#.######'######.#8.≈≈.....
...≈≈###....gg).@......###≈≈.....
#..≈≈#...###.#####©###...#≈≈..###
#..≈≈#g8.#.###.©.###.#.8.#≈≈.....
#..≈≈#####...........#####≈≈.....
#..≈≈≈≈≈≈≈≈≈≈≈...≈≈≈≈≈≈≈≈≈≈≈.....
#..≈≈≈≈≈≈≈≈≈≈≈...≈≈≈≈≈≈≈≈≈≈≈.####
#............................#
................##############
#################


You could see a gnoll sergeant and 2 gnolls.

Vanquished Creatures
  The ghost of Gorglomux the Skirmisher, a novice VSWr of Uskayaw (D:5)
  An ice beast (D:5)
  A hornet zombie (D:5)
  A black bear (D:5)
  An ogre (D:4)
  A centaur (D:4)
  3 phantoms
  2 gnoll sergeants (D:5)
  2 scorpions
  A centaur zombie (D:6)
  Crazy Yiuf (D:5)
  A gnoll shaman (D:5)
  3 hounds
  3 bullfrog skeletons
  2 jellies (D:6)
  Ijyb (D:5)
  5 iguanas
  A howler monkey skeleton (D:5)
  4 gnolls (D:5)
  2 adders
  6 worms
  5 orcs
  5 ball pythons
  6 bats
  10 endoplasms
  4 giant cockroaches (D:1)
  12 goblins
  6 hobgoblins
  3 jackals (D:1)
  6 kobolds
  5 quokkas
  3 frilled lizards
  6 rats
114 creatures vanquished.

Vanquished Creatures (others)
  6 plants (D:5)
6 creatures vanquished.

Grand Total: 120 creatures vanquished

Notes
Turn   | Place    | Note
-------+----------+-------------------------------------------
     0 | D:1      | kae the Minotaur Fighter began the quest for the Orb.
     0 | D:1      | Reached XP level 1. HP: 19/19 MP: 0/0
   114 | D:1      | Reached skill level 3 in Long Blades
   136 | D:1      | Reached XP level 2. HP: 27/27 MP: 1/1
   451 | D:1      | Reached XP level 3. HP: 19/33 MP: 2/2
   930 | D:1      | Reached skill level 4 in Long Blades
  1813 | D:3      | Reached XP level 4. HP: 38/41 MP: 3/3
  2031 | D:3      | Noticed a scorpion
  2050 | D:3      | Killed a scorpion
  2051 | D:3      | Reached skill level 5 in Long Blades
  2051 | D:3      | Reached XP level 5. HP: 29/47 MP: 4/4
  3107 | D:4      | Noticed a centaur
  3115 | D:4      | Killed a centaur
  3116 | D:4      | Reached skill level 5 in Fighting
  3116 | D:4      | Reached skill level 6 in Long Blades
  3336 | D:4      | Reached XP level 6. HP: 48/56 MP: 5/5
  3416 | D:4      | Found a large runed translucent door.
  3417 | D:4      | Found a large runed translucent door.
  3419 | D:4      | Noticed polve's ghost (amateur DDFi)
  3607 | D:4      | Reached skill level 7 in Long Blades
  3913 | D:4      | Found a broken altar of Ashenzari.
  4055 | D:4      | Found Xateova's Assorted Antiques.
  4063 | D:4      | Bought a lumpy white potion for 18 gold pieces
  4063 | D:4      | Bought a scroll of identify for 40 gold pieces
  4063 | D:4      | Bought a scroll labelled HEP HEJEOG for 20 gold pieces
  4126 | D:5      | Entered Level 5 of the Dungeon
  4263 | D:5      | Reached XP level 7. HP: 63/63 MP: 6/6
  4345 | D:5      | HP: 3/63 [hornet zombie (9)]
  4348 | D:5      | Reached skill level 8 in Long Blades
  4830 | D:5      | Found a transporter.
  4830 | D:5      | Found a transporter.
  4840 | D:5      | Noticed Gorglomux's ghost (novice VSWr)
  4840 | D:5      | Identified the +1 trident of Megalomania {venom, rC++ Will-
                  | Str+8 SInv}
  4840 | D:5      | Identified the +5 scale mail of Reason {+Inv Int+3}
  4840 | D:5      | Identified the +3 kite shield of Noamioc {Str-5 Int+7
                  | Dex+5}
  4879 | D:5      | Found a runed translucent door.
  4880 | D:5      | Noticed Crazy Yiuf
  5082 | D:5      | Noticed Prince Ribbit
  5322 | D:5      | HP: 2/64 [Prince Ribbit (12)]
  5823 | D:5      | Noticed Ijyb
  5846 | D:5      | Killed Ijyb
  5965 | D:5      | Reached skill level 9 in Long Blades
  6018 | D:5      | Identified the amulet "Gofuokk" {Faith rElec rF+ Will+
                  | Str+2}
  6077 | D:5      | Killed Crazy Yiuf
  6300 | D:6      | Reached XP level 8. HP: 73/73 MP: 7/7
  6360 | D:6      | Found a radiant altar of Vehumet.
  6497 | D:6      | Identified the amulet "Bailumas" {-Tele rF+ Regen+ Int+4}
  6663 | D:6      | Reached skill level 10 in Long Blades
  7159 | D:6      | Found a white marble altar of Elyvilon.
  7317 | D:5      | Paralysed by a gnoll for 6 turns
  7372 | D:5      | Killed Gorglomux's ghost
  7373 | D:5      | Reached skill level 11 in Long Blades
  7390 | D:5      | HP: 2/75 [poisoned by a gnoll sergeant]
  7391 | D:5      | Succumbed to a gnoll sergeant's poison

Illustrated notes

Levels and vault maps discovered:
D:1:      dpeg_arrival_rooms_b, layout_basic, grunt_decor_one_mirror,
          minmay_worlds_worst_comb
D:2:      layout_rooms
D:3:      layout_basic
D:4:      layout_basic, kennysheep_mini, serial_shops, kennysheep_little_box,
          ebering_ghost_disaster_area, item_on_display_a
D:5:      layout_gridville, gammafunk_ghost_gnarly_gnolls, uniq_ijyb,
          uniq_prince_ribbit1, uniq_crazy_yiuf_cottage
D:6:      layout_basic, lemuel_coloured_pillars_altar, amcnicky_altar_gilded,
          supply_closet_lemuel, roderic_lattice_a

Skill      XL: |  1  2  3  4  5  6  7  8 |
---------------+-------------------------+-----
Long Blades    | 3 4 5 6 7 9 11 | 11.2
Fighting       | 4 5 6 7 8 |  8.6
Armour         | |  3.6
Shields        | |  3.6

Action                   |  1- 3 |  4- 6 |  7- 9 || total
-------------------------+-------+-------+-------++-------
Melee: Long sword        |   108 |    96 |   162 ||   366
       Headbutt          |    18 |    14 |    37 ||    69
  Use: Scroll            |     4 |     6 |     9 ||    19
       Potion            |       |       |     4 ||     4
Armor: Scale mail        |    45 |    38 |    69 ||   152
Dodge: Dodged            |    33 |    33 |    47 ||   113
Block: Kite shield       |    61 |    41 |    70 ||   172
       Rpst.: Long sword |    11 |     8 |     8 ||    27

Table legend: (Time is in decaauts)
 A = Elapsed time spent in this place.
 B = Non-inter-level travel time spent in this place.
 C = Inter-level travel time spent in this place.
 D = Time resting spent in this place.
 E = Time spent auto-exploring this place.
 F = Levels seen in this place.
 G = Mean time per level.
                   A        B        C        D        E       F      G
               +--------+--------+--------+--------+--------+-----+--------+
         Total |   7476 |   7259 |    217 |   1415 |   4934 |   6 | 1246.0 |
       Dungeon |   7476 |   7259 |    217 |   1415 |   4934 |   6 | 1246.0 |
               +--------+--------+--------+--------+--------+-----+--------+

Top non-repeatable levels by time:
     D:5: 2284 daAuts
     D:3: 1235 daAuts
     D:4: 1117 daAuts
     D:6: 991 daAuts
     D:1: 977 daAuts
     D:2: 870 daAuts
